 Dungeon Crawl Stone Soup version 0.20-a0-1039-gf554463 (webtiles) character file.

1421 schets the Chopper (level 8, -2/71 HPs)
             Began as a Hill Orc Fighter on Apr 22, 2017.
             Was a Follower of Beogh.
             Slain by a two-headed ogre
             ... wielding a +0 dire flail
              (16 damage)
             ... on level 6 of the Dungeon.
             The game lasted 00:16:54 (5836 turns).

schets the Chopper (Hill Orc Fighter)               Turns: 5836, Time: 00:16:54

Health: -2/71      AC: 11    Str: 19    XL:     8   Next: 72%
Magic:  17/17      EV:  9    Int:  8    God:    Beogh [*.....]
Gold:   245        SH: 10    Dex: 12    Spells: 7/7 levels left

rFire    . . .     SeeInvis .   a - +0 war axe
rCold    + . .     Gourm    .   j - +0 shield
rNeg     . . .     Faith    .   b - +0 scale mail
rPois    .         Spirit   .   (no helmet)
rElec    .         Reflect  .   (no cloak)
rCorr    .         Harm     .   m - +0 pair of gloves
MR       .....                  F - +2 pair of boots
Stlth    ..........             (no amulet)
Regen    0.3/turn               p - ring of protection from cold
MPRegen  0.2/turn               q - ring of magical power

@: drained
A: no striking features
a: Renounce Religion


You were on level 6 of the Dungeon.
You worshipped Beogh.
Beogh was aware of your devotion.
You were not hungry.

You visited 1 branch of the dungeon, and saw 6 of its levels.

You collected 346 gold pieces.
You spent 101 gold pieces at shops.

Inventory:

Hand Weapons
 a - a +0 war axe (weapon)
Armour
 b - a +0 scale mail (worn)
 c - a +0 shield
 j - a +0 shield (worn)
 m - a +0 pair of gloves (worn)
 F - a +2 pair of boots (worn)
Jewellery
 p - a ring of protection from cold (left hand)
 q - a ring of magical power (right hand)
 w - an uncursed ring of protection from cold
 A - an uncursed amulet of harm
Wands
 x - a wand of flame (17/48)
 D - a wand of lightning (7/15)
 E - a wand of digging (14/24)
Scrolls
 e - 2 scrolls of magic mapping {unknown}
 n - 4 scrolls of remove curse
 o - 4 scrolls of teleportation
 r - a scroll of amnesia {unknown}
 s - 6 scrolls of identify
 v - a scroll of recharging {unknown}
 y - a scroll of enchant armour {unknown}
 B - a scroll of acquirement {unknown}
Potions
 d - a potion of mutation {unknown}
 g - 3 potions of brilliance
 i - a potion of curing {unknown}
 k - a potion of flight {unknown}
 u - 3 potions of haste
 z - 2 potions of degeneration {unknown}
Books
 C - a book of Misfortune

   Spells                             Type                      Level
   a - Confusing Touch                Hexes                        1
   b - Confuse                        Hexes                        3
   c - Gell's Gravitas                Translocation                3
   d - Petrify                        Transmutation/Earth          4
   e - Metabolic Englaciation         Hexes/Ice                    5
   f - Yara's Violent Unravelling     Hexes/Transmutation          5
Comestibles
 f - 6 bread rations
 h - 6 meat rations
 l - 6 fruits
 t - a royal jelly


   Skills:
 * Level 6.6(5.9) Fighting
 * Level 6.9(6.1) Axes
 * Level 4.9(4.1) Armour
 + Level 3.8(3.1) Dodging
 + Level 6.7(5.9) Shields


You had 7 spell levels left.
You didn't know any spells.

Dungeon Overview and Level Annotations

Branches:
Dungeon (6/15)
 Temple: D:4-7

Altars:
Gozag
Vehumet

Shops:
D:4 ?!   D:5 [((

Annotations:
D:4 elan's ghost, amateur MiGl


Message History

The two-headed ogre is heavily wounded.
You block the two-headed ogre's attack.
The two-headed ogre hits you with a giant club!
You barely miss the two-headed ogre.
The two-headed ogre is heavily wounded.
The two-headed ogre hits you with a dire flail!
The two-headed ogre closely misses you.
You barely miss the two-headed ogre.
The two-headed ogre is heavily wounded.
The two-headed ogre barely misses you.
The two-headed ogre hits you with a giant club!
You hit the two-headed ogre but do no damage.
The two-headed ogre is heavily wounded.
The two-headed ogre hits you with a dire flail.
* * * LOW HITPOINT WARNING * * *
You block the two-headed ogre's attack.
The two-headed ogre hits you with a dire flail.
* * * LOW HITPOINT WARNING * * *
The two-headed ogre hits you with a giant club!
You die...

####################.#
#......#...O.........#
#.####.#.#############
#.#...<#.# #.#.##.#.#
#.# #.#.# #.# ..#Z#
#.######O# #...^..@.#
#.######.# ### ###


You could see a two-headed ogre and a centaur skeleton.

Vanquished Creatures
  Grinder (D:3)
  Sigmund (D:4)
  Edmund (D:5)
  2 ogres
  The ghost of Mattviviwu the Gusty, an amateur DrAE (D:3)
  A howler monkey (D:5)
  2 crimson imps (D:5)
  3 orc priests
  A centaur skeleton (D:5)
  3 orc wizards
  Natasha (D:2)
  2 iguanas (D:4)
  3 worker ants (D:5)
  A hound skeleton (D:4)
  7 gnolls
  5 adders
  A howler monkey skeleton (D:5)
  A shadow imp (D:5)
  3 worms
  2 dart slugs
  4 leopard geckos
  17 orcs
  6 giant cockroaches
  6 goblins
  11 hobgoblins
  A jackal (D:1)
  3 quokkas
  A ball python (D:2)
  2 bats
  A giant cockroach zombie (D:5)
  5 kobolds
  2 rats
101 creatures vanquished.

Vanquished Creatures (others)
  An adder (D:4)
  An orc (D:4)
  A frilled lizard (D:3)
3 creatures vanquished.

Grand Total: 104 creatures vanquished

Notes
Turn   | Place    | Note
-------+----------+-------------------------------------------
     0 | D:1      | schets the Hill Orc Fighter began the quest for the Orb.
     0 | D:1      | Reached XP level 1. HP: 19/19 MP: 1/1
   224 | D:1      | Reached XP level 2. HP: 26/27 MP: 2/2
   986 | D:2      | Reached XP level 3. HP: 30/33 MP: 3/3
  1106 | D:2      | Found a radiant altar of Vehumet.
  1225 | D:2      | Found an opulent altar of Gozag.
  1232 | D:2      | Reached skill level 1 in Dodging
  1315 | D:2      | Reached XP level 4. HP: 40/40 MP: 4/4
  1495 | D:2      | Noticed Natasha
  1508 | D:2      | Killed Natasha
  1934 | D:3      | Noticed Grinder
  1938 | D:3      | Paralysed by Grinder for 4 turns
  1945 | D:3      | Killed Grinder
  1945 | D:3      | Reached skill level 5 in Fighting
  1945 | D:3      | Reached XP level 5. HP: 35/48 MP: 5/5
  1945 | D:3      | Reached XP level 6. HP: 41/56 MP: 6/6
  2100 | D:3      | Noticed Mattviviwu's ghost (amateur DrAE)
  2573 | D:4      | Noticed elan's ghost (amateur MiGl)
  2594 | D:5      | Entered Level 5 of the Dungeon
  2594 | D:5      | Found Inofax's Armour Shoppe.
  2711 | D:5      | Reached skill level 5 in Axes
  2711 | D:5      | Reached skill level 5 in Shields
  2878 | D:4      | Found Segiet's Distillery.
  2899 | D:4      | Bought a potion of heal wounds for 65 gold pieces
  2931 | D:4      | Reached XP level 7. HP: 53/61 MP: 7/7
  3004 | D:3      | Killed Mattviviwu's ghost
  3535 | D:4      | Became a worshipper of Beogh the Brigand
  3748 | D:4      | Noticed Sigmund
  3791 | D:4      | Killed Sigmund
  3791 | D:4      | Reached XP level 8. HP: 38/70 MP: 8/8
  3939 | D:4      | Found Duifirig's Magic Scroll Shoppe.
  3948 | D:4      | Bought a scroll of teleportation for 36 gold pieces
  4044 | D:5      | Noticed Edmund
  4046 | D:5      | Found Zitutyanyo's Weapon Emporium.
  4062 | D:5      | Killed Edmund
  4514 | D:5      | Reached * piety under Beogh
  4792 | D:5      | Found Fusosufi's Antique Weapon Shoppe.
  5784 | D:6      | Noticed a two-headed ogre
  5836 | D:6      | Slain by a two-headed ogre

Vault maps used:
D:1:      dpeg_arrival_brainrot
D:2:      lemuel_crystal_altar, nicolae_gozag_seed_capital, uniq_natasha
D:3:      first_bread, uniq_grinder
D:4:      serial_shops, kennysheep_little_box, nicolae_shop_stone, uniq_sigmund
D:5:      serial_shops, shop, nicolae_shop_trees, shop, uniq_edmund

Skill      XL: |  1  2  3  4  5  6  7  8 |
---------------+-------------------------+-----
Axes           | 3 4 5 6 |  6.9
Fighting       | 4 5 6 |  6.6
Dodging        | 1 2 3 |  3.8
Shields        | 4 5 6 |  6.7
Armour         | 4 |  4.9

Action                   |  1- 3 |  4- 6 |  7- 9 || total
-------------------------+-------+-------+-------++-------
Melee: War axe           |    98 |   105 |   232 ||   435
Invok: Convert to Beogh  |       |       |     1 ||     1
  Use: Potion            |       |     1 |     2 ||     3
       Scroll            |       |     2 |       ||     2
  Eat: Chunk             |     1 |     6 |     7 ||    14
       Meat ration       |       |       |     1 ||     1
Armor: Scale mail        |    46 |    51 |    71 ||   168
Dodge: Dodged            |    26 |    25 |    57 ||   108
Block: Shield            |    49 |    48 |   100 ||   197
